 Dungeon Crawl Stone Soup version 0.32-a0-422-g28b100f618 (webtiles) character file.

Game seed: 13838687449013919133

29025 adelrune the Basher (level 13, -4/116 HPs)
             Began as an Armataur Fighter on Feb 21, 2024.
             Was the Champion of Jiyva.
             Slain by a tyrant leech (19 damage)
             ... on level 5 of the Lair of Beasts.
             The game lasted 00:39:45 (12350 turns).

adelrune the Basher (Armataur Fighter)             Turns: 12350, Time: 00:39:46

Health: -4/116     AC: 20    Str: 25    XL:     13   Next: 12%
Magic:  12/15      EV:  5    Int: 13    God:    Jiyva [******]
Gold:   701        SH: 12    Dex: 15    Spells: 10/12 levels left

rFire   . . .        a - +1 flail
rCold   + . .        f - +0 kite shield
rNeg    + . .        I - +1 plate armour {rC+}
rPois   .            (helmet unavailable)
rElec   .            F - +0 cloak
rCorr   +            n - +2 pair of gloves
SInv    +            (no barding)
Will    .....        w - amulet of the acrobat Stlth
                     o - +6 ring of intelligence
HPRegen 1.99/turn    B - ring of positive energy
MPRegen 0.94/turn

%: acrobat, roll
@: slimy, studying Fighting
A: large, deformed body, tough skin 3, armoured tail, roll 2, antennae 3,
stinger 1, agile 1, high MP 2, shaggy fur 1, wild magic 3, evolution 2,
MP-powered wands
a: Renounce Religion, Oozemancy, Slimify


You were on level 5 of the Lair of Beasts.
You worshipped Jiyva.
Jiyva was exalted by your worship.
You visited 2 branches of the dungeon, and saw 15 of its levels.
You also visited: Sewer and Ossuary.

You collected 701 gold pieces.

Inventory:

Hand Weapons
 a - a +1 flail (weapon)
Armour
 c - a +0 buckler
 f - a +0 kite shield (worn)
 n - a +2 pair of gloves (worn)
 F - a +0 cloak (worn)
 I - a +1 plate armour of cold resistance (worn)
Jewellery
 b - an amulet of guardian spirit
 o - a +6 ring of intelligence (left hand)
 w - an amulet of the acrobat (around neck)
 B - a ring of positive energy (right hand)
Wands
 k - a wand of roots (6)
 u - a wand of flame (31)
 D - a wand of paralysis (8)
 H - a wand of polymorph (11)
 M - a wand of light (9)
Scrolls
 g - 8 scrolls of teleportation
 h - a scroll of revelation
 i - a scroll of vulnerability
 m - 4 scrolls of enchant weapon
 p - 3 scrolls of identify
 y - 2 scrolls of fog
 E - a scroll of poison {unknown}
 J - 2 scrolls of torment
 K - a scroll of noise {unknown}
 L - a scroll of fear {unknown}
Potions
 d - a potion of might
 e - 4 potions of curing
 j - a potion of magic
 l - 3 potions of cancellation
 q - 2 potions of haste
 r - 3 potions of resistance
 s - 2 potions of heal wounds
 t - 3 potions of attraction
 x - a potion of invisibility
 z - 2 potions of enlightenment
 A - a potion of lignification
 C - 3 potions of mutation
 G - a potion of brilliance


   Skills:
 + Level 11.1 Fighting
 * Level 13.1 Maces & Flails
 + Level 12.5 Armour
 + Level 11.5 Shields
 + Level 3.1 Translocations


You had 10 spell levels left.
You knew the following spells:

 Your Spells              Type           Power      Damage    Failure   Level
a - Blink                 Tloc           30%        N/A       97%         2

Your spell library contained the following spells:

 Spells                   Type           Power      Damage    Failure   Level
 Lesser Beckoning         Tloc           30%        N/A       97%         2
 Momentum Strike          Conj/Tloc      14%        3d8       99%         2
 Foxfire                  Conj/Fire      0%         2x1d4     100%        1
 Freeze                   Ice            0%         1d3       100%        1
 Frozen Ramparts          Ice            0%         1d1       100%        3
 Hailstorm                Conj/Ice       0%         3d5       100%        3
 Passage of Golubria      Tloc           15%        N/A       100%        4
 Silence                  Hex/Air        0%         N/A       100%        5
 Summon Hydra             Summ           0%         N/A       100%        7
 Lehudib's Crystal Spear  Conj/Erth      0%         10d2      100%        8
 Chain Lightning          Conj/Air       0%         N/A       100%        9


Dungeon Overview and Level Annotations

Branches:
Dungeon (10/15)            Temple (0/1) D:5            Lair (5/5) D:10
  Swamp (0/4) Lair:2        Snake (0/4) Lair:3          Orc (0/2) D:9
  Sewer (visited)         Ossuary (visited)
  Slime: Lair:4-5

Altars:
Ashenzari
Cheibriados
Elyvilon
Fedhas
Hepliaklqana
Okawaru
Qazlal
Vehumet
Xom
The Shining One
Jiyva

Annotations:
D:10 2 transporters, Pokonic1's ghost, journeyman DsAl


Innate Abilities, Weirdness & Mutations

Armour fits poorly on your strangely shaped body.
You have extremely tough skin. (AC +3)
You have a long armoured tail.
You regenerate magic and health when rolling toward enemies. (Rampage Regen)
You have a pair of large antennae on your head. (SInv)
Your tail ends in a venomous barb.
You are agile. (Dex +4, Str/Int -1)
You have a considerably increased reservoir of magic. (+20% MP)
You are covered in fur. (AC +1)
Your spells are much harder to cast, but much more powerful.
You have great hidden genetic potential.
You expend magic power (3 MP) to strengthen your wands.


Message History

You block the tyrant leech's attack. The torpor snail barely misses you.
You hit the torpor snail.
The torpor snail is severely wounded.
The tyrant leech bites you. You block the torpor snail's attack.
You hit the torpor snail.
You tail-slap the torpor snail, but do no damage.
The torpor snail is almost dead.
The tyrant leech bites you but does no damage.
The torpor snail bites you but does no damage.
You hit the torpor snail.
The torpor snail is almost dead.
The tyrant leech barely misses you.
You sock the torpor snail!
The torpor snail is almost dead.
You block the torpor snail's attack. The tyrant leech bites you!!
* * * LOW HITPOINT WARNING * * *
The tyrant leech draws strength from your injuries!
You sock the torpor snail!
You kill the torpor snail!
You feel yourself speed up. You block the tyrant leech's attack.
You sock the tyrant leech!
The tyrant leech is lightly wounded.
You hit the tyrant leech but do no damage.
You tail-slap the tyrant leech.
The tyrant leech is poisoned.
The tyrant leech is lightly wounded.
The tyrant leech bites you!
* * * LOW HITPOINT WARNING * * *
The tyrant leech draws strength from your injuries!
Okay, then.
Unknown command.
A thick mucus forms on your +1 flail.
The tyrant leech bites you!
* * * LOW HITPOINT WARNING * * *
The tyrant leech draws strength from your injuries!
You closely miss the tyrant leech.
Your tail-slap misses the tyrant leech.
The tyrant leech is lightly wounded.
The tyrant leech bites you!!
You die...
Jiyva sends a jelly to digest your remains.

##.#.y.# #.....##
###....##.
....Pw#### ##.P###
##.##### .......#.#
#...### ###
.#.†....## ###...##
#.###....####
###...## #
##......# #.##...#
#..#....####...###
#P....##.....#w..##
......######...†@##
..#### #....### #
######


You could see a tyrant leech (poisoned).

Vanquished Creatures
  A hydra (Lair:4)
  Fannar (Lair:3)
  An alligator (Lair:2)
  2 two-headed ogres
  A skyshark (Lair:4)
  Pikel (D:8)
  A will-o-the-wisp (Lair:4)
  4 elephants (Lair:4)
  3 black mambas
  3 torpor snails (Lair:5)
  13 cane toads
  A rime drake (Lair:4)
  9 komodo dragons
  2 polar bears
  2 hornets
  4 dream sheep (Lair:4)
  4 blink frogs
  2 shadows (D:10)
  15 yaks
  4 wyverns
  2 wargs
  3 basilisks
  5 steam dragons
  5 vampire mosquitoes (Lair:4)
  2 acid dragons
  A naga (Lair:3)
  10 water moccasins
  4 orc warriors
  A swamp drake (Lair:2)
  An ice beast (D:6)
  2 sky beasts
  A black bear (Lair:3)
  2 ogres (D:5)
  A centaur (D:10)
  18 wolves
  2 phantoms (D:9)
  17 bullfrogs
  3 gnoll sergeants
  An elf zombie (D:6)
  2 scorpions (D:5)
  4 elf skeletons (D:6)
  6 wights
  2 troll zombies (D:9)
  6 killer bees
  2 howler monkeys
  2 human zombies (D:6)
  3 bombardier beetles (D:5)
  4 bullfrog zombies (Ossuary)
  3 hounds
  12 orc priests
  An iguana (D:6)
  8 orc wizards
  2 sleepcaps (D:4)
  A hell rat (Sewer)
  2 human skeletons (D:6)
  4 crocodile zombies (Ossuary)
  6 ogre zombies (D:9)
  4 hound zombies (Ossuary)
  8 mummies (Ossuary)
  2 howler monkey zombies (Ossuary)
  15 gnolls
  6 adders
  3 river rats
  A shadow imp (D:8)
  2 dart slugs (D:1)
  3 ribbon worms
  28 orcs
  2 endoplasms (D:1)
  2 giant cockroaches
  6 goblins
  5 hobgoblins (D:2)
  7 kobolds
  5 quokkas
  5 ball pythons
  6 ball python zombies (Ossuary)
  10 bats
  4 frilled lizards
  5 gnoll zombies (D:9)
  An orc skeleton (D:9)
  20 orc zombies
  14 rats
389 creatures vanquished.

Vanquished Creatures (collateral kills)
  A will-o-the-wisp (Lair:4)
  A steam dragon (D:7)
2 creatures vanquished.

Vanquished Creatures (others)
  A wyvern (Lair:3)
  A yak (Lair:3)
  A vampire mosquito (Lair:4)
  A water moccasin (D:7)
  2 black bears
  A wight (D:8)
  44 jellies
  2 orc priests (D:8)
  An orc wizard (D:8)
  An iguana (D:4)
  An adder (D:4)
  7 orcs
  A giant cockroach (D:4)
  A goblin (D:1)
  A quokka (D:4)
  A ball python (D:1)
  An orc zombie (D:9)
  A rat (D:4)
  10 foxfires (Lair:4)
79 creatures vanquished.

Grand Total: 470 creatures vanquished

Notes
Turn   | Place    | Note
-------+----------+-------------------------------------------
     0 | D:1      | adelrune the Armataur Fighter began the quest for the Orb.
     0 | D:1      | Reached XP level 1. HP: 18/18 MP: 1/1
    69 | D:1      | Reached skill level 2 in Maces & Flails
    96 | D:1      | Reached XP level 2. HP: 25/25 MP: 2/2
   263 | D:1      | Reached XP level 3. HP: 7/31 MP: 3/3
   434 | D:1      | You fall into a shaft and drop 1 floor!
   705 | D:2      | Reached XP level 4. HP: 38/38 MP: 4/4
   864 | D:2      | Found a faded altar of an unknown god.
   881 | D:2      | Prayed at the altar of an unknown god.
   881 | D:2      | Became a worshipper of Jiyva Jaetiacw the Shapeless
   881 | D:2      | Reached * piety under Jiyva
   918 | D:2      | Reached skill level 3 in Maces & Flails
  1617 | D:1      | Reached ** piety under Jiyva
  1933 | D:3      | Found a stormy altar of Qazlal.
  1937 | D:3      | Found a shimmering altar of Xom.
  1938 | D:3      | Found a blossoming altar of Fedhas.
  1938 | D:3      | Found a broken altar of Ashenzari.
  1939 | D:3      | Found a glowing golden altar of the Shining One.
  1939 | D:3      | Found a radiant altar of Vehumet.
  2051 | D:4      | Reached *** piety under Jiyva
  2074 | D:4      | Reached XP level 5. HP: 45/45 MP: 5/5
  2204 | D:4      | Found a hazy altar of Hepliaklqana.
  2206 | D:4      | Gained mutation: You expend magic power (3 MP) to
                  | strengthen your wands. [Jiyva's grace]
  2206 | D:4      | Gained mutation: Your mind is acute. (Int +4, Str/Dex -1)
                  | [Jiyva's grace]
  2206 | D:4      | Gained mutation: Your mind is very acute. (Int +8, Str/Dex
                  | -2) [Jiyva's grace]
  2206 | D:4      | Gained mutation: You have large cloven feet. [Jiyva's
                  | grace]
  2257 | D:4      | Found a glowing drain.
  2273 | Sewer    | Entered a sewer
  2311 | Sewer    | Reached XP level 6. HP: 25/52 MP: 6/6
  2552 | D:5      | Entered Level 5 of the Dungeon
  2561 | D:5      | Reached skill level 4 in Maces & Flails
  2561 | D:5      | Reached skill level 5 in Armour
  2733 | D:5      | Found an iron altar of Okawaru.
  2734 | D:5      | Found a snail-covered altar of Cheibriados.
  2736 | D:5      | Reached **** piety under Jiyva
  2778 | D:5      | Gained mutation: You regenerate magic and health when
                  | rolling toward enemies. (Rampage Regen) [Armataur growth]
  2778 | D:5      | Reached XP level 7. HP: 59/59 MP: 7/7
  2793 | D:5      | Found a staircase to the Ecumenical Temple.
  2805 | D:5      | Reached skill level 5 in Shields
  2821 | D:5      | Reached skill level 5 in Maces & Flails
  3393 | D:6      | Noticed a steam dragon
  3402 | D:6      | Killed a steam dragon
  3403 | D:6      | Reached XP level 8. HP: 49/67 MP: 8/8
  3455 | D:6      | Found a white marble altar of Elyvilon.
  3664 | D:6      | Reached skill level 6 in Maces & Flails
  3764 | D:6      | Reached skill level 5 in Fighting
  3781 | D:6      | Found a sand-covered staircase.
  3798 | Ossuary  | Entered an ossuary
  4084 | Ossuary  | Reached skill level 7 in Maces & Flails
  4132 | D:6      | Reached XP level 9. HP: 74/74 MP: 9/9
  4770 | D:7      | Gained mutation: You have hoof-like feet. [Jiyva's grace]
  4770 | D:7      | Gained mutation: You have hooves in place of feet. [Jiyva's
                  | grace]
  4770 | D:7      | Gained mutation: You have acidic saliva. [Jiyva's grace]
  4770 | D:7      | Gained mutation: Your tail ends in a venomous barb.
                  | [Jiyva's grace]
  4783 | D:7      | Reached ***** piety under Jiyva
  4898 | D:7      | Reached skill level 8 in Maces & Flails
  5559 | D:8      | Reached XP level 10. HP: 82/83 MP: 10/10
  5832 | D:8      | Noticed a two-headed ogre
  5838 | D:8      | Killed a two-headed ogre
  5901 | D:8      | Noticed Pikel
  5917 | D:8      | Killed Pikel
  5918 | D:8      | Reached skill level 9 in Maces & Flails
  6149 | D:9      | Noticed a two-headed ogre
  6167 | D:9      | Killed a two-headed ogre
  6197 | D:9      | Found a staircase to the Orcish Mines.
  6543 | D:9      | Reached ****** piety under Jiyva
  6634 | D:9      | Lost mutation: Your mind is very acute. (Int +8, Str/Dex
                  | -2) [Jiyva's grace]
  6634 | D:9      | Gained mutation: You have an increased reservoir of magic.
                  | (+10% MP) [Jiyva's grace]
  6634 | D:9      | Gained mutation: You have a considerably increased
                  | reservoir of magic. (+20% MP) [Jiyva's grace]
  6634 | D:9      | Gained mutation: You have a greatly increased reservoir of
                  | magic. (+30% MP) [Jiyva's grace]
  6634 | D:9      | Gained mutation: You are agile. (Dex +4, Str/Int -1)
                  | [Jiyva's grace]
  7317 | D:10     | Entered Level 10 of the Dungeon
  7317 | D:10     | Found a transporter.
  7319 | D:10     | Noticed a flayed ghost
  7326 | D:10     | Noticed a four-headed hydra
  7417 | D:10     | Noticed Pokonic1's ghost (journeyman DsAl)
  7425 | D:10     | Found a transporter.
  7628 | D:10     | Reached skill level 10 in Maces & Flails
  7642 | D:10     | Found a staircase to the Lair.
  7892 | D:10     | Reached XP level 11. HP: 92/92 MP: 14/14
  8064 | Lair:1   | Entered Level 1 of the Lair of Beasts
  8064 | Lair:1   | Lost mutation: You have hooves in place of feet. [Jiyva's
                  | grace]
  8064 | Lair:1   | Lost mutation: You have a greatly increased reservoir of
                  | magic. (+30% MP) [Jiyva's grace]
  8064 | Lair:1   | Gained mutation: You have a pair of small antennae on your
                  | head. [Jiyva's grace]
  8064 | Lair:1   | Gained mutation: You have a pair of antennae on your head.
                  | [Jiyva's grace]
  8064 | Lair:1   | Gained mutation: You have a pair of large antennae on your
                  | head. (SInv) [Jiyva's grace]
  8064 | Lair:1   | Gained mutation: You are covered in fur. (AC +1) [Jiyva's
                  | grace]
  8099 | Lair:1   | Reached skill level 10 in Armour
  8408 | Lair:1   | Got the Catalogue of Assembled Conjuration
  8941 | Lair:1   | Identified a scroll of acquirement
  8941 | Lair:1   | Acquired a manual of Fighting
  9117 | Lair:2   | Found a staircase to the Swamp.
  9117 | Lair:2   | Noticed an alligator
  9141 | Lair:2   | Killed an alligator
  9142 | Lair:2   | Reached skill level 11 in Maces & Flails
  9379 | Lair:2   | Reached skill level 10 in Shields
 10080 | Lair:3   | Found the +4 robe of Folly {Brill Will-∞ Int+8}
 10111 | Lair:3   | Lost mutation: You have hoof-like feet. [Jiyva's grace]
 10111 | Lair:3   | Lost mutation: You have large cloven feet. [Jiyva's grace]
 10111 | Lair:3   | Lost mutation: Your tail ends in a venomous barb. [Jiyva's
                  | grace]
 10111 | Lair:3   | Lost mutation: You have acidic saliva. [Jiyva's grace]
 10111 | Lair:3   | Gained mutation: You have hidden genetic potential.
                  | [Jiyva's grace]
 10111 | Lair:3   | Gained mutation: You have great hidden genetic potential.
                  | [Jiyva's grace]
 10111 | Lair:3   | Gained mutation: Your tail ends in a venomous barb.
                  | [Jiyva's grace]
 10111 | Lair:3   | Gained mutation: Your tail ends in a sharp venomous barb.
                  | [Jiyva's grace]
 10210 | Lair:3   | Reached XP level 12. HP: 69/104 MP: 14/14
 10423 | Lair:3   | Identified the +4 hand axe of Vucoa {freeze, +Blink Will+
                  | rCorr Dex+3}
 10431 | Lair:3   | Noticed Fannar
 10475 | Lair:3   | Killed Fannar
 10563 | Lair:3   | Found a staircase to the Snake Pit.
 10683 | Lair:3   | Reached skill level 12 in Maces & Flails
 11064 | Lair:3   | Reached skill level 10 in Fighting
 11199 | Lair:4   | Learned a level 2 spell: Blink
 11231 | Lair:4   | Lost mutation: Your tail ends in a sharp venomous barb.
                  | [Jiyva's grace]
 11231 | Lair:4   | Lost mutation: You are agile. (Dex +4, Str/Int -1) [Jiyva's
                  | grace]
 11231 | Lair:4   | Lost mutation: Your mind is acute. (Int +4, Str/Dex -1)
                  | [Jiyva's grace]
 11231 | Lair:4   | Lost mutation: You have great hidden genetic potential.
                  | [Jiyva's grace]
 11231 | Lair:4   | Gained mutation: Your spells are a little harder to cast,
                  | but a little more powerful. [Jiyva's grace]
 11231 | Lair:4   | Gained mutation: Your spells are harder to cast, but more
                  | powerful. [Jiyva's grace]
 11231 | Lair:4   | Gained mutation: Your spells are much harder to cast, but
                  | much more powerful. [Jiyva's grace]
 11231 | Lair:4   | Gained mutation: You have great hidden genetic potential.
                  | [Jiyva's grace]
 11257 | Lair:4   | Noticed a seven-headed hydra
 11270 | Lair:4   | Killed a seven-headed hydra
 11283 | Lair:4   | Noticed Rupert
 11304 | Lair:4   | Slimified Rupert
 11304 | Lair:4   | Rupert changed into Rupert the azure jelly
 11304 | Lair:4   | Noticed Rupert
 11335 | Lair:4   | Reached skill level 1 in Translocations
 11386 | Lair:4   | Gained mutation: You are agile. (Dex +4, Str/Int -1)
                  | [hidden potential]
 11918 | Lair:5   | Entered Level 5 of the Lair of Beasts
 12042 | Lair:5   | Reached XP level 13. HP: 92/115 MP: 15/15
 12117 | Lair:5   | Reached skill level 13 in Maces & Flails
 12350 | Lair:5   | Slain by a tyrant leech

Illustrated notes

Levels and vault maps discovered:
D:1:      dpeg_arrival_pits, layout_basic, st_stairs_2
D:2:      layout_loops_ring, hellmonk_ecumenical_altar_prayer_group,
          minmay_misc_feat_encased
D:3:      layout_rooms, grunt_temple_overflow_open, serial_park_tiny_2
D:4:      layout_rooms, old_standard_altar, portal_sewer_entry_e
D:5:      layout_gridville, jmf_multi_god_temple,
          minmay_temple_entry_proselytizer
D:6:      layout_loops_corners, mainiacjoe_overflow_catwalk,
          nicolae_ossuary_entry_catacombs
D:7:      layout_basic
D:8:      layout_loops_ring, uniq_pikel
D:9:      layout_grid_maze, zombieorc2_lemuel, uniq_erica
D:10:     layout_basic, david_lair_shrubbed, gammafunk_ghost_arena
Lair:1:   layout_cave_pods, grunt_megastairs_2
Lair:2:   layout_loops_ring, mainiacjoe_swamp_entry_lozenge_pond
Lair:3:   layout_regular_city, guppyfry_snake_entry_island,
          dreamdust_deal_with_the_devil, uniq_fannar
Lair:4:   layout_regular_city, nicolae_quartered_pool_super, pond, uniq_rupert
Lair:5:   wormcave, layout_loops_ring, hangedman_lair_caniforms_friends,
          slime_entry_1, bobbens_dragon_lair_wall, infiniplex_staircase_pool

Skill      XL: |  1  2  3  4  5  6  7  8  9 10 11 12 13 |
---------------+----------------------------------------+-----
Maces & Flails | 2 3 4 5 7 8 10 11 12 13 | 13.1
Fighting       | 3 4 5 6 7 9 10 11 | 11.1
Armour         | 4 5 6 7 8 9 11 12 | 12.5
Shields        | 4 5 6 7 9 10 11 | 11.5
Translocations | 2 3 |  3.1

Action                     |  1- 3 |  4- 6 |  7- 9 | 10-12 | 13-15 || total
---------------------------+-------+-------+-------+-------+-------++-------
  Melee: Flail             |    95 |   179 |   490 |   895 |   108 ||  1767
         Tailslap          |     4 |    18 |    59 |   158 |    27 ||   266
         Kick              |       |    15 |   166 |   185 |       ||   366
         Bite              |       |       |     6 |    70 |       ||    76
 Invoke: Slimify           |       |       |       |     2 |     1 ||     3
         Oozemancy         |       |       |       |     1 |       ||     1
    Use: Scroll            |       |       |       |    21 |       ||    21
         Potion            |       |       |       |     2 |       ||     2
   Stab: Distracted        |       |       |       |     1 |       ||     1
 Armour: Scale mail        |    27 |       |       |       |       ||    27
         Chain mail        |    64 |   177 |   420 |    29 |       ||   690
         Plate armour      |       |       |       |   777 |    91 ||   868
  Dodge: Dodged            |    43 |    45 |   102 |   231 |    21 ||   442
  Block: Buckler           |    36 |    43 |    82 |   133 |       ||   294
         Kite shield       |       |       |       |   260 |    57 ||   317

Table legend: (Time is in decaauts)
 A = Elapsed time spent in this place.
 B = Non-inter-level travel time spent in this place.
 C = Inter-level travel time spent in this place.
 D = Time resting spent in this place.
 E = Time spent auto-exploring this place.
 F = Levels seen in this place.
 G = Mean time per level.
                   A        B        C        D        E       F      G
               +--------+--------+--------+--------+--------+-----+--------+
         Total |  12402 |  12020 |    382 |    325 |   7087 |  17 |  729.5 |
       Dungeon |   7753 |   7457 |    296 |    168 |   5013 |  10 |  775.3 |
          Lair |   4229 |   4143 |     86 |    157 |   2063 |   5 |  845.8 |
         Sewer |     82 |     82 |      0 |      0 |     11 |   1 |   82.0 |
       Ossuary |    337 |    337 |      0 |      0 |      0 |   1 |  337.0 |
               +--------+--------+--------+--------+--------+-----+--------+

Top non-repeatable levels by time:
     D:9: 1226 daAuts
  Lair:2: 1089 daAuts
  Lair:4: 1002 daAuts
     D:6: 977 daAuts
  Lair:3: 959 daAuts
     D:1: 923 daAuts
  Lair:1: 914 daAuts
     D:5: 820 daAuts
     D:2: 810 daAuts
    D:10: 742 daAuts
     D:7: 737 daAuts
     D:8: 717 daAuts
     D:4: 436 daAuts
     D:3: 362 daAuts
 Ossuary: 337 daAuts
